 Dungeon Crawl Stone Soup version 0.29.0-15-g675c0067aa (webtiles) character file.

Game seed: 8033071192292981959

2 sausages the Shield-Bearer (level 1, -2/18 HPs)
             Began as a Formicid Fighter on Sept 11, 2022.
             Slain by a hobgoblin (4 damage)
             ... on level 1 of the Dungeon.
             The game lasted 00:00:14 (120 turns).

sausages the Shield-Bearer (Formicid Fighter)        Turns: 120, Time: 00:00:15

Health: -2/18      AC:  6    Str: 20    XL:     1   Next: 44%
Magic:  1/1        EV:  9    Int:  7    God:
Gold:   37         SH:  5    Dex: 13    Spells: 0/0 levels left

rFire   . . .      SeeInvis +   a - +0 war axe
rCold   . . .      Faith    .   c - +0 buckler
rNeg    . . .      Spirit   .   b - +0 scale mail
rPois   .          Reflect  .   (helmet unavailable)
rElec   .          Harm     .   (no cloak)
rCorr   .          Rampage  .   (no gloves)
Will    .....                   (no boots)
Stlth   ..........              (no amulet)
HPRegen 0.06/turn               (no ring)
MPRegen 0.07/turn               (no ring)

@: no status effects
A: permanent stasis, dig shafts and tunnels, antennae 3, four strong arms
a: Dig, Shaft Self


You were on level 1 of the Dungeon.
You visited 1 branch of the dungeon, and saw 1 of its levels.

You collected 37 gold pieces.

Inventory:

Hand Weapons
 a - a +0 war axe (weapon)
Armour
 b - a +0 scale mail (worn)
 c - a +0 buckler (worn)
Scrolls
 e - a scroll of enchant armour {unknown}
 f - a scroll of noise {unknown}
Potions
 d - a potion of might


   Skills:
 * Level 3.3 Fighting
 + Level 2.0 Axes
 + Level 3.3 Armour
 + Level 4.0 Shields


You couldn't memorise any spells.
You didn't know any spells.
Your spell library was empty.

Dungeon Overview and Level Annotations

Branches:
Dungeon (1/15)

Altars:


Innate Abilities, Weirdness & Mutations

You cannot be hasted, slowed, berserked, paralysed or teleported.
You can dig through walls and to a lower floor.
You have a pair of large antennae on your head. (SInv)
Your four strong arms can wield two-handed weapons with a shield.


Message History

The endoplasm quivers.
An endoplasm is nearby!
The endoplasm barely misses you.
You slash the endoplasm!
You kill the endoplasm!
f - a scroll labelled ZOON ROASOHETO You open the door.
You sense a monster nearby.
No target in view!
No target in view!
You sense a monster nearby.
No target in view!
No target in view!
No target in view!
A quokka and an endoplasm come into view.
The endoplasm quivers.
The endoplasm jiggles.
There are monsters nearby!
You see here a scroll labelled PICWEE PISSO.
A hobgoblin comes into view.
Found a scroll labelled PICWEE PISSO.
The quokka bites you. The quokka barely misses you.
You miss the quokka. The quokka bites you.
You miss the quokka. You hit the endoplasm but do no damage.
The quokka bites you. The endoplasm freezes you.
You are frozen.
The quokka barely misses you.
You closely miss the quokka. You barely miss the hobgoblin.
You hit the endoplasm. You block the quokka's attack.
The endoplasm freezes you.
You are frozen.
The hobgoblin hits you but does no damage.
The quokka barely misses you. The endoplasm freezes you.
You are frozen.
* * * LOW HITPOINT WARNING * * *
The hobgoblin closely misses you.
You closely miss the hobgoblin. You hit the quokka. You hit the endoplasm.
You kill the endoplasm!
You block the quokka's attack. The hobgoblin hits you.
You die...

#.#....... #.#.......
#.#....... #'#.......
#......... # #...######
#.. ##.........
#....#########.........)
#...r@.?..............
#?.....g.............###
#.....................#
#........######.......#
#......... ..#.......#
#.......... ........###
###........ ..........#
..........#.........##
#..........#


You could see a quokka and a hobgoblin.

Vanquished Creatures
  2 endoplasms (D:1)
  A hobgoblin (D:1)
3 creatures vanquished.

Notes
Turn   | Place    | Note
-------+----------+-------------------------------------------
     0 | D:1      | sausages the Formicid Fighter began the quest for the Orb.
     0 | D:1      | Reached XP level 1. HP: 18/18 MP: 1/1
   120 | D:1      | Slain by a hobgoblin

Illustrated notes

Levels and vault maps discovered:
D:1:      amcnicky_arrival_abandoned_market, layout_basic,
          shapermc_ecumenical_altar_petra, eino_curves_04, st_stairs_9

Action                   || total
-------------------------++-------
Melee: War axe           ||     6
Armor: Scale mail        ||     1
Dodge: Dodged            ||     5
Block: Buckler           ||     2
